 Dungeon Crawl Stone Soup version 0.29-a0-887-gcbe080d7e0 (webtiles) character file.

Game seed: 8128039966472264291

18 flotson the Sneak (level 2, -4/24 HPs)
             Began as a Demonspawn Delver on July 22, 2022.
             Slain by a gnoll
             ... wielding a +0 flail
              (6 damage)
             ... on level 3 of the Dungeon.
             The game lasted 00:01:00 (495 turns).

flotson the Sneak (Demonspawn Delver)                Turns: 495, Time: 00:01:00

Health: -4/24      AC:  5    Str: 12    XL:     2   Next: 51%
Magic:  2/2        EV: 10    Int: 13    God:
Gold:   13         SH:  0    Dex: 14    Spells: 1/1 levels left

rFire   . . .      SeeInvis .   a - +0 spear
rCold   . . .      Faith    .   (no shield)
rNeg    . . .      Spirit   .   i - +0 ring mail
rPois   .          Reflect  .   (no helmet)
rElec   .          Harm     .   (no cloak)
rCorr   .          Rampage  .   (no gloves)
Will    .....                   (no boots)
Stlth   ++........              (no amulet)
HPRegen 0.08/turn               (no ring)
MPRegen 0.08/turn               (no ring)

@: no status effects
A: big brain 1
a: no special abilities


You were on level 3 of the Dungeon.
You visited 1 branch of the dungeon, and saw 3 of its levels.

You collected 13 gold pieces.

Inventory:

Hand Weapons
 a - a +0 spear (weapon)
Armour
 i - a +0 ring mail (worn)
Wands
 g - a wand of digging (3)
Scrolls
 b - a scroll of enchant weapon {unknown}
 c - a scroll of fog
 d - a scroll of magic mapping
 e - a scroll of fear
 h - 2 scrolls of butterflies {unknown}
Potions
 f - a potion of curing {unknown}


   Skills:
 + Level 3.1 Fighting
 + Level 0.6(1.3) Axes
 - Level 1.7(1.8) Polearms
 + Level 0.6 Armour
 + Level 2.0 Dodging
 - Level 4.5 Stealth
 + Level 0.8 Evocations


You had one spell level left.
You didn't know any spells.
Your spell library was empty.

Dungeon Overview and Level Annotations

Branches:
Dungeon (5/15)
 Temple: D:4-7

Altars:
Nemelex Xobeh


Innate Abilities, Weirdness & Mutations

You have an unusually large brain. (Int +2)


Message History

You reach to attack!
You barely miss the kobold. You hit the kobold.
The kobold is moderately wounded.
The kobold hits you with a +0 club.
You hit the kobold.
You kill the kobold!
Things that are here:
a +0 club; 3 stones; a kobold corpse A gnoll comes into view.
It is wielding a +0 spear.
You reach to attack!
The gnoll shouts! x2
You hit the gnoll but do no damage. You hit the gnoll.
The gnoll is moderately wounded.
You hit the gnoll but do no damage.
The gnoll is moderately wounded.
The gnoll hits you with a +0 flail. The gnoll completely misses you.
You hit the gnoll.
The gnoll is severely wounded.
The gnoll barely misses you. The gnoll hits you with a +0 flail.
You hit the gnoll but do no damage.
The gnoll is severely wounded.
The gnoll hits you from afar with a +0 spear.
The gnoll completely misses you.
You barely miss the gnoll.
The gnoll is severely wounded.
The gnoll hits you from afar with a +0 spear!
The gnoll hits you with a +0 flail.
* * * LOW HITPOINT WARNING * * *
The gnoll closely misses you.
You are too injured to fight recklessly!
You are too injured to fight recklessly!
You are too injured to fight recklessly!
You are too injured to fight recklessly!
You hit the gnoll but do no damage.
The gnoll is severely wounded.
The gnoll hits you from afar with a +0 spear.
* * * LOW HITPOINT WARNING * * *
The gnoll hits you with a +0 flail.
You die...

##..≈≈≈..# #..≈≈≈≈≈.# ..#
#..≈≈_≈≈.# # #.# #..≈≈.≈≈.# ..
#.# #..≈≈.≈≈.# ... #.#
#..≈≈.≈≈.# .... #.# ###..≈...≈.#
.....##.###########..).≈.8.≈.###
......gg.....gg@)...............
#>.......g...............#
#.........................
####....#####.........##..
###### #..........##..
#...(......##.. #.....#######..
#.....# #.. #.....# ###


You could see 3 gnolls.

Vanquished Creatures
  An adder (D:4)
  A dart slug (D:3)
  An endoplasm (D:3)
  2 hobgoblins (D:3)
  A kobold (D:3)
  A ball python (D:4)
  A rat (D:3)
8 creatures vanquished.

Notes
Turn   | Place    | Note
-------+----------+-------------------------------------------
     0 | D:5      | flotson the Demonspawn Delver began the quest for the Orb.
     0 | D:5      | Reached XP level 1. HP: 18/18 MP: 1/1
   151 | D:4      | Gained mutation: You have an unusually large brain. (Int
                  | +2) [demonic ancestry]
   151 | D:4      | Reached XP level 2. HP: 17/24 MP: 2/2
   436 | D:3      | Found a sparkling altar of Nemelex Xobeh.
   495 | D:3      | Slain by a gnoll

Illustrated notes

Levels and vault maps discovered:
D:3:      layout_basic, mainiacjoe_overflow_catwalk,
          nicolae_ashenzari_panopticon, uniq_terence
D:4:      kennysheep_spiral_hall, layout_gridville, okawaru_gym_becter,
          trog_butcher_becter, serial_shops, shop, shop, shop,
          nicolae_shop_temple_entry_statues_fountains, uniq_ijyb
D:5:      layout_layer_cave, kiku_gazebo_garden_becter, fedhas_ov_isle_minmay,
          vehumet_altar_wand_db, mainiacjoe_overflow_big_doors,
          minmay_temple_entry_glass, gup_sewer_entry_spiral, uniq_eustachio,
          uniq_menkaure

Skill      XL: |  1  2 |
---------------+-------+-----
Dodging        | 2 |  2.0
Fighting       | |  3.1
Axes           | |  0.6
Polearms       | |  1.7
Armour         | |  0.6
Stealth        | |  4.5
Evocations     | |  0.8

Action                   || total
-------------------------++-------
Melee: Spear             ||    44
  Use: Potion            ||     1
 Stab: Sleeping          ||     4
Armor: Ring mail         ||     5
Dodge: Dodged            ||    11

Table legend: (Time is in decaauts)
 A = Elapsed time spent in this place.
 B = Non-inter-level travel time spent in this place.
 C = Inter-level travel time spent in this place.
 D = Time resting spent in this place.
 E = Time spent auto-exploring this place.
 F = Levels seen in this place.
 G = Mean time per level.
                   A        B        C        D        E       F      G
               +--------+--------+--------+--------+--------+-----+--------+
         Total |    476 |    476 |      0 |      0 |    337 |   3 |  158.7 |
       Dungeon |    476 |    476 |      0 |      0 |    337 |   3 |  158.7 |
               +--------+--------+--------+--------+--------+-----+--------+

Top non-repeatable levels by time:
     D:3: 317 daAuts
     D:4: 108 daAuts
     D:5: 50 daAuts
